 Dungeon Crawl Stone Soup version 0.26-a0-668-gd58323b419 (webtiles) character file.

Game seed: 16588272625968138543

53 grandjackal the Ducker (level 3, -1/28 HPs)
             Began as a Demonspawn Gladiator on Oct 18, 2020.
             Succumbed to Terence's poison
             ... on level 1 of the Dungeon on Oct 19, 2020.
             The game lasted 00:02:23 (1662 turns).

grandjackal the Ducker (Demonspawn Gladiator)       Turns: 1662, Time: 00:02:24

Health: -1/28      AC:  7    Str: 15    XL:     3   Next: 62%
Magic:  3/3        EV: 13    Int:  9    God:
Gold:   115        SH:  0    Dex: 20    Spells: 2/2 levels left

rFire    . . .     SeeInvis .   a - +0 long sword
rCold    + . .     Faith    .   (no shield)
rNeg     . . .     Spirit   .   k - +0 ring mail {rC+}
rPois    .         Reflect  .   c - +0 helmet
rElec    .         Harm     .   (no cloak)
rCorr    .         Rampage  .   (no gloves)
MR       .....                  e - +0 pair of boots
Stlth    +.........             (no amulet)
HPRegen  0.09/turn              h - +6 ring of dexterity
MPRegen  0.08/turn              (no ring)

@: lethally poisoned (-1 -> -20)
A: demonic guardian 1, sturdy frame 1
a: no special abilities


You were on level 1 of the Dungeon.
You visited 1 branch of the dungeon, and saw 2 of its levels.

You collected 115 gold pieces.

Inventory:

Hand Weapons
 a - a +0 long sword (weapon)
Missiles
 d - 3 throwing nets (quivered)
 n - 4 javelins
Armour
 c - a +0 helmet (worn)
 e - a +0 pair of boots (worn)
 k - a +0 ring mail of cold resistance (worn)
 l - a +2 kite shield
Jewellery
 h - a +6 ring of dexterity (left hand)
Scrolls
 f - a scroll of blinking {unknown}
 j - 3 scrolls of identify {unknown}
 m - 2 scrolls of remove curse {unknown}
 o - a scroll of fear {unknown}
Potions
 g - a potion of curing {unknown}
 i - a potion of lignification {unknown}


   Skills:
 + Level 2.7 Fighting
 + Level 3.2 Long Blades
 - Level 1.7 Throwing
 + Level 3.2 Dodging
 + Level 0.7 Shields


You had 2 spell levels left.
You didn't know any spells.
Your spell library was empty.

Dungeon Overview and Level Annotations

Branches:
Dungeon (2/15)

Altars:

Annotations:
D:1 Terence


Innate Abilities, Weirdness & Mutations

A weak demonic guardian rushes to your aid.
Your movements are slightly less encumbered by armour. (ER -2)


Message History

* * * LOW HITPOINT WARNING * * *
You are more poisoned.
You hit Terence but do no damage.
Terence is moderately wounded.
* * * LOW HITPOINT WARNING * * *
You feel sick.
Your ufetubus completely misses Terence.
Your ufetubus hits Terence but does no damage.
Terence barely misses your ufetubus.
You hit Terence but do no damage.
Terence is moderately wounded.
* * * LOW HITPOINT WARNING * * *
You feel sick.
Your ufetubus hits Terence.
Your ufetubus closely misses Terence.
Your ufetubus hits Terence.
Your ufetubus barely misses Terence.
Terence closely misses you.
You riposte.
Your ring mail prevents you from hitting Terence.
Terence is heavily wounded.
You hit Terence but do no damage.
Terence is heavily wounded.
You die...

##################
..............5@@#
#######†############
#.#####......#
#.......####.#
############.....#.#
.......#####..####.#
.......#......####.#
.......#.##........#
.......#.##)÷......#


You could see Terence and a friendly ufetubus (summoned).

Vanquished Creatures
  An adder (D:2)
  A leopard gecko (D:1)
  4 bats (D:1)
  2 giant cockroaches
  6 hobgoblins (D:1)
  5 kobolds (D:1)
  3 frilled lizards (D:2)
  8 goblins
  3 rats (D:1)
33 creatures vanquished.

Vanquished Creatures (collateral kills)
  An adder (D:2)
  A hobgoblin (D:2)
  A rat (D:2)
3 creatures vanquished.

Grand Total: 36 creatures vanquished

Notes
Turn   | Place    | Note
-------+----------+-------------------------------------------
     0 | D:1      | grandjackal the Demonspawn Gladiator began the quest for
                  | the Orb.
     0 | D:1      | Reached XP level 1. HP: 16/16 MP: 1/1
   185 | D:1      | Gained mutation: Your movements are slightly less
                  | encumbered by armour. (ER -2) [demonic ancestry]
   185 | D:1      | Reached XP level 2. HP: 22/22 MP: 2/2
   777 | D:1      | Gained mutation: A weak demonic guardian rushes to your
                  | aid. [demonic ancestry]
   777 | D:1      | Reached XP level 3. HP: 27/28 MP: 3/3
  1221 | D:2      | Noticed Terence
  1355 | D:2      | HP: 1/28 [poisoned by Terence]
  1661 | D:1      | HP: 1/28 [poisoned by Terence]
  1662 | D:1      | Succumbed to Terence's poison

Illustrated notes

Levels and vault maps discovered:
D:1:      minmay_arrival_diagonal_passages, layout_basic
D:2:      layout_basic, lemuel_round_altar, dk_noncrumbling_2, uniq_terence

Skill      XL: |  1  2 |
---------------+-------+-----
Dodging        | 3 |  3.2
Long Blades    | 3 |  3.2
Fighting       | |  2.7
Throwing       | |  1.7
Shields        | |  0.7

Action                   || total
-------------------------++-------
Melee: Long sword        ||    91
  Use: Potion            ||     1
 Stab: Sleeping          ||     2
Armor: Leather armour    ||     7
       Ring mail         ||    17
Dodge: Dodged            ||    69
       Rpst.: Long sword ||    20

Table legend: (Time is in decaauts)
 A = Elapsed time spent in this place.
 B = Non-inter-level travel time spent in this place.
 C = Inter-level travel time spent in this place.
 D = Time resting spent in this place.
 E = Time spent auto-exploring this place.
 F = Levels seen in this place.
 G = Mean time per level.
                   A        B        C        D        E       F      G
               +--------+--------+--------+--------+--------+-----+--------+
         Total |   1684 |   1661 |     23 |    521 |    758 |   2 |  842.0 |
       Dungeon |   1684 |   1661 |     23 |    521 |    758 |   2 |  842.0 |
               +--------+--------+--------+--------+--------+-----+--------+

Top non-repeatable levels by time:
     D:1: 1220 daAuts
     D:2: 464 daAuts
